 Dungeon Crawl Stone Soup version 0.29.1-2-gbd0b4ee654 (webtiles) character file.

Game seed: 17657540701305934785

10 zeram the Sneak (level 2, -3/17 HPs)
             Began as an Octopode Enchanter on Nov 11, 2022.
             Slain by a kobold
             ... wielding a +0 whip
              (4 damage)
             ... on level 1 of the Dungeon.
             The game lasted 00:00:47 (242 turns).

zeram the Sneak (Octopode Enchanter)                 Turns: 242, Time: 00:00:48

Health: -3/17      AC:  1    Str:  7    XL:     2   Next: 20%
Magic:  5/5        EV: 13    Int: 17    God:
Gold:   16         SH:  0    Dex: 12    Spells: 5/5 levels left

rFire   . . .      SeeInvis .   a - +1 dagger
rCold   . . .      Faith    .   (no shield)
rNeg    . . .      Spirit   .   (helmet restricted)
rPois   .          Reflect  .   (no amulet)
rElec   .          Harm     .   (no ring)
rCorr   .          Rampage  .   (no ring)
Will    .....                   (no ring)
Stlth   ++++......              (no ring)
HPRegen 0.05/turn               (no ring)
MPRegen 0.09/turn               (no ring)
                                (no ring)
                                (no ring)

@: invisible
A: almost no armour, amphibious, 8 rings, camouflage 1, gelatinous body 1,
(nimble swimmer 1), tentacles
a: no special abilities


You were on level 1 of the Dungeon.
You visited 1 branch of the dungeon, and saw 1 of its levels.

You collected 16 gold pieces.

Inventory:

Hand Weapons
 a - a +1 dagger (weapon)
Jewellery
 f - a +6 ring of strength
Scrolls
 c - a scroll of teleportation {unknown}
 d - a scroll of summoning {unknown}
 e - a scroll of noise {unknown}
 g - a scroll of torment {unknown}
Potions
 b - a potion of invisibility


   Skills:
 + Level 1.0 Short Blades
 + Level 2.1 Dodging
 + Level 4.3 Stealth
 + Level 2.1 Spellcasting
 + Level 3.2 Hexes


You had 5 spell levels left.
You didn't know any spells.
Your spell library contained the following spells:

 Spells                   Type           Power      Damage    Failure   Level
 Ensorcelled Hibernation  Hex/Ice        14%        N/A       16%         2
 Confusing Touch          Hex            12%        N/A       16%         3
 Tukima's Dance           Hex            12%        N/A       16%         3
 Dazzling Flash           Conj/Hex       14%        N/A       30%         3


Dungeon Overview and Level Annotations

Branches:
Dungeon (1/15)

Altars:


Innate Abilities, Weirdness & Mutations

You cannot wear most types of armour.
You are amphibious.
You can wear up to eight rings at the same time.
Your skin changes colour to match your surroundings (Stealth+).
Your rubbery body absorbs attacks. (AC +1, EV +1)
((You are camouflaged when in or above water. (Stealth+)))
You have tentacles for arms and can constrict up to eight enemies at once.


Message History

* * * LOW HITPOINT WARNING * * *
You completely miss the jackal. You squeeze the jackal.
The jackal is moderately wounded.
You constrict the jackal, but do no damage.
The jackal barely misses you.
You hit the jackal but do no damage.
The jackal is moderately wounded.
You constrict the jackal. The jackal misses you. The jackal bites you.
* * * LOW HITPOINT WARNING * * *
You hit the jackal but do no damage.
The jackal is heavily wounded.
You constrict the jackal. The jackal barely misses you.
Unknown command.
You hit the jackal.
You kill the jackal!
You hit the jackal but do no damage. Your grab misses the jackal.
The jackal closely misses you. The jackal bites you.
* * * LOW HITPOINT WARNING * * *
You fade into invisibility!
The jackal bites you but does no damage.
You barely miss the jackal. You grab the jackal.
You constrict the jackal, but do no damage.
The jackal escapes!
Unknown command.
You barely miss the goblin. Your grab misses the goblin.
The goblin closely misses you.
Unknown command.
You barely miss the goblin. You grab the goblin. You squeeze the goblin.
The goblin is moderately wounded.
You constrict the goblin.
Unknown command.
You hit the goblin.
You kill the goblin!
Unknown command.
You barely miss the jackal. Your grab misses the jackal.
Unknown command.
You hit the kobold. You grab the kobold.
The kobold is heavily wounded.
You constrict the kobold. The kobold hits you with a +0 whip.
You die...

J.. .. .# ...... ..#
.. ##..... .. #. #
#.....# #g . #.# #
#.....# #h##.#...#
#.....# #.)#h.....
#.....# ####....#.#.
#.....###.@K...$....
#.........######.#.#
#.....#..## ..
#.........## .
#....#).#..#
#..........##
####........## #
#..........# #
#..........# ###


You could see a jackal (wandering, unable to see you) and a kobold (wandering,
unable to see you).

Vanquished Creatures
  A ball python (D:1)
  A giant cockroach (D:1)
  2 goblins (D:1)
  3 jackals (D:1)
  A frilled lizard (D:1)
  A spectral kobold (D:1)
9 creatures vanquished.

Notes
Turn   | Place    | Note
-------+----------+-------------------------------------------
     0 | D:1      | zeram the Octopode Enchanter began the quest for the Orb.
     0 | D:1      | Reached XP level 1. HP: 11/11 MP: 3/3
    43 | D:1      | Found a faded altar of an unknown god.
   222 | D:1      | Reached XP level 2. HP: 14/17 MP: 5/5
   242 | D:1      | Slain by a kobold

Illustrated notes

Levels and vault maps discovered:
D:1:      dpeg_arrival_round_a, layout_rooms,
          dreamdust_ecumenical_altar_drowned_temple, minmay_misc_feat_five,
          kennysheep_another_room, hangedman_decor_riveting, minmay_pentomino_p2

Action                   || total
-------------------------++-------
Melee: Dagger            ||    30
       Constrict         ||     8
       Tentacles         ||     4
  Use: Potion            ||     1
 Stab: Sleeping          ||     2
Armor: Skin              ||     4
Dodge: Dodged            ||    20
